Map: Data-C

Players

Dolan

  • Race: Terran Terran
  • Spawn Location: 3:00

Zain - Winner!

  • Race: Protoss Protoss
  • Spawn Location: 9:00

Event: DreamHack SC2 Masters 2022 Atlanta (Offline)

VOD

Have the link to the VOD?

Description

Time

  • Played on: Nov. 18, 2022, 10:40 a.m.
  • Length: 10:29

All games in this series

Show
View Real Time Build Order
Export as new Build Order

Dolan Terran 

Build Orders: Cyclone Opening 

Get SALT Encoding   

  12  0:00  SCV  
  13  0:12  SCV  
  14  0:16  Supply Depot  
  14  0:24  SCV  
  15  0:38  SCV  
  15  0:39  Barracks  
  15  0:42  Refinery  
  16  0:50  SCV  
  16  0:52  Refinery  
  17  1:02  SCV  
  18  1:14  SCV  
  19  1:26  Marine  
  19  1:27  Orbital Command  
  20  1:44  Command Center  
  20  1:55  Factory  
  20  1:56  SCV  
  21  2:02  Barracks Tech Lab  
  21  2:08  SCV  
  22  2:10  Supply Depot  
  22  2:20  SCV  
  23  2:26  Barracks  
  23  2:30  Barracks  
  23  2:32  Barracks Reactor  
  23  2:35  SCV  
  24  2:39  Refinery  
  24  2:48  SCV  
  24  2:51  Cyclone  
  27  3:00  SCV  
  27  3:03  Orbital Command  
  28  3:08  Marine x2  
  31  3:12  SCV  
  31  3:17  Marine x2  
  33  3:25  Siege Tank  
  33  3:26  SCV  
  37  3:32  SCV  
  38  3:37  Supply Depot  
  38  3:38  SCV  
  39  3:44  Barracks Reactor, Barracks Tech Lab  
  39  3:45  Marine  
  39  3:46  Marine  
  39  3:47  SCV  
  42  3:50  SCV  
  43  3:57  Supply Depot  
  43  4:00  Siege Tank  
  43  4:02  SCV x2  
  48  4:06  Marine x2  
  48  4:08  Marine  
  51  4:15  SCV x2  
  53  4:22  Marine x2  
  53  4:23  Combat Shield  
  55  4:24  Marine x2  
  55  4:26  Marine  
  55  4:27  Supply Depot  
  55  4:30  SCV x2  
  60  4:45  Engineering Bay  
  60  4:47  Supply Depot, SCV x2  
  60  4:48  Siege Tank  
  60  4:50  Marine x3  
  60  4:51  Marine x2  
  70  5:09  Supply Depot x2, SCV x2, Marine x3  
  70  5:10  Marine x2  
  77  5:17  Missile Turret  
  76  5:30  Siege Tank  
  76  5:31  SCV x2  
  80  5:39  Marine x5  
  85  5:44  Stimpack  
  85  5:47  Starport  
  84  5:58  Marine x4  
  84  5:59  Marine  
  81  6:19  Marine x5  
  80  6:36  SCV x2  
  82  6:43  Siege Tank  
  69  6:59  Marine  
  69  7:00  Marine x4  
  64  7:03  Medivac  
  64  7:04  SCV x2  
  63  7:16  SCV x2  
  63  7:17  Marine  
  63  7:18  Siege Tank  
  69  7:25  Marine  
  69  7:26  Marine x3  
  69  7:28  SCV  
  69  7:29  SCV  
  74  7:35  Marine  
  65  7:48  Marine  
  57  8:09  SCV x2  
  57  8:10  Marine x5  
  57  8:11  Siege Tank  
  61  8:27  Marine  
  61  8:28  Marine x3  
  61  8:29  Marauder  
  66  8:34  SCV  
  66  8:35  SCV  
  68  8:43  Siege Tank  
  71  8:53  Marine x2  
  71  8:54  Marine x3  
  76  8:56  SCV  
  76  8:57  SCV  
  75  9:09  SCV x2  
  65  9:12  Marauder  
  54  9:19  Medivac  
  56  9:26  SCV  
  56  9:27  SCV  
  56  9:28  Marine x4  
  62  9:33  Marine  
  62  9:45  Marine x2  
  62  9:46  Marine  
  62  9:50  SCV x2  
  67  10:01  Marine x2  
  67  10:03  Marine  
Show
View Real Time Build Order
Export as new Build Order

Zain Protoss - Winner!

Build Orders: 1 Gate Expand, Blink Stalkers 

Get SALT Encoding   

  12  0:00  Probe  
  13  0:12  Probe  
  14  0:17  Pylon  
  14  0:24  Probe (Chrono Boost)  
  15  0:36  Probe (Chrono Boost)  
  15  0:38  Gateway  
  16  0:44  Probe (Chrono Boost)  
  16  0:46  Assimilator  
  17  0:51  Probe  
  18  1:03  Probe  
  19  1:15  Probe  
  20  1:26  Cybernetics Core  
  20  1:35  Nexus  
  20  1:42  Pylon  
  20  1:44  Probe  
  21  1:51  Assimilator  
  21  1:56  Probe  
  21  1:59  Adept (Chrono Boost)  
  22  2:03  Warp Gate  
  24  2:09  Probe  
  25  2:20  Twilight Council  
  25  2:21  Probe (Chrono Boost)  
  26  2:29  Stalker  
  28  2:33  Probe (Chrono Boost)  
  29  2:41  Probe (Chrono Boost)  
  30  2:46  Probe (Chrono Boost)  
  32  2:53  Probe (Chrono Boost)  
  32  2:56  Probe (Chrono Boost)  
  33  3:00  Probe (Chrono Boost)  
  33  3:01  Probe (Chrono Boost)  
  35  3:07  Blink (Chrono Boost)  
  35  3:11  Probe  
  36  3:12  Stalker  
  36  3:13  Probe  
  39  3:20  Gateway  
  39  3:23  Probe  
  39  3:25  Probe  
  41  3:28  Robotics Facility  
  39  3:35  Probe  
  39  3:37  Probe  
  41  3:43  Pylon  
  41  3:48  Probe, Assimilator  
  42  3:50  Stalker  
  42  3:55  Gateway  
  44  3:56  Gateway  
  44  3:58  Probe  
  45  4:03  Pylon  
  45  4:04  Probe  
  46  4:14  Stalker  
  46  4:15  Observer (Chrono Boost)  
  46  4:16  Pylon  
  49  4:17  Stalker  
  49  4:19  Probe x2  
  53  4:25  Pylon  
  53  4:32  Shield Battery  
  53  4:37  Stalker  
  55  4:40  Warp Prism  
  55  4:43  Probe  
  55  4:44  Probe  
  59  4:46  Assimilator  
  59  4:51  Stalker  
  61  4:54  Stalker  
  61  4:57  Stalker  
  65  5:05  Probe  
  65  5:06  Probe  
  67  5:19  Stalker x3  
  67  5:20  Stalker  
  75  5:23  Pylon  
  75  5:26  Observer  
  73  5:40  Pylon  
  73  5:44  Stalker x2  
  73  5:45  Stalker x2  
  81  6:12  Immortal (Chrono Boost)  
  81  6:14  Stalker x4  
  92  6:19  Pylon  
  92  6:24  Pylon  
  92  6:30  Charge (Chrono Boost)  
  92  6:34  Pylon  
  92  6:35  Pylon x2  
  92  6:36  Pylon  
  92  6:37  Pylon  
  92  6:40  Stalker  
  92  6:42  Stalker  
  84  7:02  Stalker x2  
  84  7:03  Probe  
  87  7:18  Stalker x2  
  75  7:47  Probe  
  75  7:49  Immortal  
  80  7:52  Stalker x4  
  88  7:59  Nexus  
  88  8:00  Pylon  
  84  8:09  Observer  
  84  8:10  Gateway  
  84  8:13  Gateway  
  84  8:14  Probe x2  
  84  8:15  Gateway  
  84  8:16  Forge  
  86  8:26  Probe  
  87  8:38  Templar Archives  
  87  8:40  Zealot x4  
  95  8:45  Probe x2  
  97  9:03  Zealot x2  
  97  9:04  Zealot x2  
  89  9:21  Zealot x3  
  89  9:24  Shield Battery  
  87  9:26  Immortal (Chrono Boost)  
  87  9:30  High Templar x2  
  87  9:31  High Templar x2  
  97  9:37  Archon x2  
  99  9:45  Zealot x3  
  103  9:48  Shield Battery  
  105  9:52  Photon Cannon  
  105  9:53  Photon Cannon  
  105  9:56  Pylon  
  105  10:03  High Templar  
  105  10:04  High Templar  
  105  10:05  High Templar x2  
  105  10:06  High Templar  
  105  10:07  High Templar  
  117  10:08  Zealot  
  117  10:10  Archon x3  
  117  10:28  Zealot  
Tags
 
Add a new tag
Caveats
  • Supply blocks, unpowered buildings, or Contaminate may cause inaccurate times.
  • Supply counts are checked every 10 seconds.